 Dungeon Crawl Stone Soup version 0.27.0-66-gdc8fb28755 (webtiles) character file.

Game seed: 14744773203148559522

62 loansindi the Conjurer (level 4, -3/30 HPs)
             Began as a Human Conjurer on Aug 20, 2021.
             Killed by an exploding Ijyb (20 damage)
             ... ignited by their inner flame
             ... on level 2 of the Dungeon.
             The game lasted 00:05:33 (2011 turns).

loansindi the Conjurer (Human Conjurer)             Turns: 2011, Time: 00:05:42

Health: -3/30      AC:  2    Str:  7    XL:     4   Next: 28%
Magic:  2/7        EV: 12    Int: 20    God:
Gold:   36         SH:  0    Dex: 11    Spells: 4/7 levels left

rFire    + . .     SeeInvis .   b - +0 spear
rCold    x . .     Faith    .   (no shield)
rNeg     . . .     Spirit   .   a - +0 robe
rPois    .         Reflect  .   (no helmet)
rElec    .         Harm     .   (no cloak)
rCorr    +         Rampage  .   (no gloves)
Will     .....                  (no boots)
Stlth    ++........             (no amulet)
HPRegen  0.10/turn              d - ring of fire
MPRegen  0.10/turn              h - ring of resist corrosion

@: no status effects
A: no striking features
a: no special abilities


You were on level 2 of the Dungeon.
You visited 1 branch of the dungeon, and saw 2 of its levels.

You collected 60 gold pieces.
You spent 24 gold pieces at shops.

Inventory:

Hand Weapons
 b - a +0 spear (weapon)
Armour
 a - a +0 robe (worn)
Jewellery
 d - a ring of fire (left hand)
 h - a ring of resist corrosion (right hand)
Scrolls
 g - a scroll of fog {unknown}
 i - a scroll of blinking {unknown}
Potions
 c - 2 potions of curing {unknown}
 f - a potion of might {unknown}


   Skills:
 + Level 2.3 Dodging
 + Level 2.2 Stealth
 + Level 2.4 Spellcasting
 + Level 5.0 Conjurations


You had 4 spell levels left.
You knew the following spells:

 Your Spells              Type           Power      Damage    Failure   Level
a - Magic Dart            Conj           88%        1d7       1%          1
b - Searing Ray           Conj           44%        3d4       3%          2

Your spell library contained the following spells:

 Spells                   Type           Power      Damage    Failure   Level
 Dazzling Flash           Conj/Hex       24%        N/A       16%         3
 Fulminant Prism          Conj/Hex       6%         3d7       47%         4
 Iskenderun's Mystic Bla  Conj/Tloc      12%        2d5       47%         4


Dungeon Overview and Level Annotations

Branches:
Dungeon (2/15)

Altars:

Shops:
D:1 ![[**   D:2 :[(*


Message History

You kill the goblin!
The magic dart hits the goblin.
The goblin is moderately wounded.
The goblin shouts!
The searing ray hits the goblin!
You kill the goblin!
The searing ray hits the goblin!
You kill the goblin! (Press . to maintain the ray.) Ijyb the Twisted Goblin comes into view.
She is wielding a +0 club and carrying a wand of paralysis (11).
Things that are here:
a +0 dagger; a goblin corpse You see here a +0 club.
The magic dart hits Ijyb but does no damage.
Ijyb shouts!
Ijyb zaps a wand.
You resist with some effort.
The magic dart hits Ijyb but does no damage.
Ijyb zaps a wand.
You suddenly lose the ability to move!
Ijyb hits you with a +0 club.
You can move again.
You see here a +0 club.
You barely miss Ijyb. Ijyb closely misses you.
You hit Ijyb but do no damage. Ijyb hits you with a +0 club.
You don't have enough magic to cast this spell.
You hit Ijyb but do no damage. Ijyb barely misses you.
As you read the scroll of immolation, it crumbles to dust.
The creatures around you are filled with an inner flame!
Ijyb hits you but does no damage.
You hit Ijyb.
Flame seeps out of Ijyb.
Ijyb is lightly wounded.
Ijyb is engulfed in blazing flames.
Flame seeps out of Ijyb.
Ijyb zaps a wand.
You resist with some effort.
You closely miss Ijyb.
Ijyb is moderately wounded.
Ijyb is engulfed in blazing flames.
Flame seeps out of Ijyb.
Ijyb hits you with a +0 club.
Ijyb is engulfed in blazing flames.
Ijyb explodes!
The fiery explosion engulfs you!! You resist.
Ouch! That really hurt!
You die...

#####.# #..# #####..# ####
#...#..################....
#...#........##...........
#...#........##........(. #
#...####.######........#
#####......#.######........#####
...............)@°§.............
########...#..#####........# #
#...##.## #####........#
#...##..#### ##.......#
###...###....# #8.....8#
#.......#....# #.$.....#
######.†.....#....# #8..g..8#
.............##.### #...g)..#
....)..########..# #8....)8#


There were no monsters in sight!

Vanquished Creatures
  Ijyb (D:2)
  An adder (D:2)
  A dart slug (D:1)
  4 ball pythons (D:1)
  4 endoplasms
  2 giant cockroaches (D:1)
  9 goblins
  A hobgoblin (D:1)
  6 jackals (D:1)
  4 kobolds (D:1)
  3 quokkas
  6 bats
  2 frilled lizards
  A rat (D:1)
45 creatures vanquished.

Notes
Turn   | Place    | Note
-------+----------+-------------------------------------------
     0 | D:1      | loansindi the Human Conjurer began the quest for the Orb.
     0 | D:1      | Reached XP level 1. HP: 13/13 MP: 3/3
   102 | D:1      | Found Coekhacs's Antique Armour Shoppe.
   133 | D:1      | Reached XP level 2. HP: 19/19 MP: 3/5
   169 | D:1      | Found Saroga's Distillery.
   521 | D:1      | Reached XP level 3. HP: 24/24 MP: 3/6
   899 | D:1      | Found Qoulerolu's General Store.
   919 | D:1      | Bought a scroll of identify for 24 gold pieces
   949 | D:1      | Found Vubejeon's Armour Shoppe.
   996 | D:1      | Found Goedofo's General Store.
  1417 | D:2      | Found Qeruc's Book Emporium.
  1423 | D:2      | Learned a level 2 spell: Searing Ray
  1540 | D:2      | Found Colemuna's Antique Weapon Shop.
  1594 | D:2      | Found Piqa's Assorted Antiques.
  1681 | D:2      | Found Jesohop's Antique Armour Boutique.
  1689 | D:2      | Reached XP level 4. HP: 30/30 MP: 2/7
  1741 | D:2      | Reached skill level 5 in Conjurations
  1995 | D:2      | Noticed Ijyb
  2000 | D:2      | Paralysed by Ijyb for 6 turns
  2011 | D:2      | Killed Ijyb
  2011 | D:2      | Killed by an exploding Ijyb... ignited by their inner flame

Illustrated notes

Levels and vault maps discovered:
D:1:      amcnicky_arrival_feature_with_door, layout_basic, serial_shops, shop,
          nicolae_shop_trees, shop, nicolae_lakefront_shop, shop,
          roderic_filled_cross
D:2:      kennysheep_the_goblin_king, layout_basic, serial_shops, shop,
          shop_statue, nicolae_shop_waterfront, shop, shop_fountains,
          hellmonk_ecumenical_altar_prayer_group, uniq_crazy_yiuf_cottage

Skill      XL: |  1  2  3  4 |
---------------+-------------+-----
Conjurations   | 5 |  5.0
Dodging        | |  2.3
Stealth        | |  2.2
Spellcasting   | |  2.4

Action                   |  1- 3 |  4- 6 || total
-------------------------+-------+-------++-------
Melee: Spear             |    12 |     5 ||    17
 Cast: Magic Dart        |    67 |    12 ||    79
       Searing Ray       |       |     1 ||     1
  Use: Scroll            |     1 |     1 ||     2
Armor: Robe              |     5 |     1 ||     6
Dodge: Dodged            |    14 |     2 ||    16
